 Dungeon Crawl Stone Soup version 0.28.0-53-g5a82cb258f (webtiles) character file.

Game seed: 6036626921975242312

165 protoss039 the Digger (level 5, 41/41 HPs)
             Began as a Demonspawn Earth Elementalist on June 1, 2022.
             Got out of the dungeon alive.
             The game lasted 00:03:22 (2473 turns).

protoss039 the Digger (DsEE)                        Turns: 2473, Time: 00:03:22

Health: 41/41      AC:  5    Str:  8    XL:     5   Next: 21%
Magic:  9/9        EV: 12    Int: 18    God:
Gold:   93         SH:  0    Dex: 14    Spells: 3/9 levels left

rFire   . . .      SeeInvis .   i - +2 dagger (drain)
rCold   . . .      Faith    .   (no shield)
rNeg    . . .      Spirit   .   b - +0 robe
rPois   .          Reflect  .   (helmet restricted)
rElec   .          Harm     .   (no cloak)
rCorr   .          Rampage  .   (no gloves)
Will    .....                   g - +0 pair of boots
Stlth   ++........              (no amulet)
HPRegen 0.13/turn               (no ring)
MPRegen 0.11/turn               (no ring)

@: no status effects
A: horns 1, slimy green scales 1
a: no special abilities


You escaped.
You visited 1 branch of the dungeon, and saw 3 of its levels.

You collected 93 gold pieces.

Inventory:

Hand Weapons
 i - a +2 dagger of draining (weapon)
Missiles
 c - 69 stones
Armour
 b - a +0 robe (worn)
 g - a +0 pair of boots (worn)
Scrolls
 d - a scroll of identify {unknown}
 h - a scroll of teleportation {unknown}
Potions
 a - a potion of cancellation {unknown}
 f - a potion of heal wounds {unknown}


   Skills:
 * Level 3.0 Fighting
 + Level 1.7 Armour
 - Level 1.7 Dodging
 - Level 1.7 Stealth
 + Level 2.8 Spellcasting
 - Level 1.0 Transmutations
 + Level 3.4 Earth Magic


You had 3 spell levels left.
You knew the following spells:

 Your Spells              Type           Power      Damage    Failure   Level
a - Sandblast             Erth           28%        2d8       4%          1
b - Passwall              Tmut/Erth      8%         N/A       11%         2
c - Stone Arrow           Conj/Erth      16%        3d8       26%         3

Your spell library contained the following spells:

 Spells                   Type           Power      Damage    Failure   Level
 Petrify                  Tmut/Erth      10%        N/A       56%         4


Dungeon Overview and Level Annotations

Branches:
Dungeon (3/15)

Altars:
Ashenzari


Innate Abilities, Weirdness & Mutations

You have a pair of small horns on your head.
You are partially covered in slimy green scales. (AC +2)


Message History

The quokka bites you but does no damage.
You hit the quokka but do no damage. You drain the quokka.
You kill the quokka!
An orc comes into view. It is wielding a +0 falchion.
Your Fighting skill increases to level 3!
Unknown command.
You hit the orc. You drain the orc.
The orc is heavily wounded.
The orc misses you.
Unknown command.
You hit the orc. You drain the orc.
You kill the orc!
Unknown command.
No target in view!
Unknown command.
No target in view!
You now have 80 gold pieces (gained 21).
Things that are here:
a +0 falchion; an orc corpse
Items here: )) [ ††.
Found a hand axe.
You now have 93 gold pieces (gained 13).
Found a robe. 2 orcs come into view.
An orc is wielding a +1 trident of venom.
The orc shouts!
You hear a shout!
There are monsters nearby!
An endoplasm comes into view.
The endoplasm quivers.
Found a brown potion.
There is a stone staircase leading up here.
You climb upwards.
There is a stone staircase leading down here.
There is an escape hatch in the ceiling here.
A mysterious force pulls you upwards. The hatch slams shut behind you.
There is an open door here.
There is a huge open gate here.
There is a staircase leading out of the dungeon here.
Are you sure you want to leave the Dungeon?
This will make you lose the game!
You have escaped!

.......##.#
#######>........
####......# #.........
..........# #.........
...##..##.# #.........
...##..##.# #.........
...##..##.# ##########
####......#
#####..#### ######
........# #.@..#
#####..## #....#
#...##### #.88.# ###
#.......♣♣#....#♣♣♣♣.#
#..#####.♣#''''#....##
#..# #.........#### ##
#..# #####..####
.####..# ##.##
.......# #..#


There were no monsters in sight!

Vanquished Creatures
  A jelly (D:3)
  Terence (D:2)
  3 gnolls (D:2)
  3 adders (D:2)
  A dart slug (D:3)
  4 orcs (D:3)
  3 ball pythons
  An endoplasm (D:1)
  A giant cockroach (D:1)
  3 goblins
  4 hobgoblins (D:2)
  6 jackals (D:2)
  4 kobolds
  5 quokkas
  8 bats
  A frilled lizard (D:2)
  2 rats
51 creatures vanquished.

Notes
Turn   | Place    | Note
-------+----------+-------------------------------------------
     0 | D:1      | protoss039 the Demonspawn Earth Elementalist began the
                  | quest for the Orb.
     0 | D:1      | Reached XP level 1. HP: 13/13 MP: 3/3
   214 | D:1      | Reached skill level 1 in Transmutations
   580 | D:1      | Gained mutation: You are partially covered in slimy green
                  | scales. (AC +2) [demonic ancestry]
   580 | D:1      | Reached XP level 2. HP: 20/20 MP: 5/5
   915 | D:1      | Learned a level 2 spell: Passwall
   920 | D:2      | Reached skill level 1 in Fighting
  1143 | D:2      | Found a broken altar of Ashenzari.
  1179 | D:2      | Reached XP level 3. HP: 24/26 MP: 6/6
  1231 | D:2      | Reached skill level 1 in Armour
  1431 | D:2      | Found a faded altar of an unknown god.
  1465 | D:2      | Reached XP level 4. HP: 33/33 MP: 7/7
  1613 | D:2      | Noticed Terence
  1635 | D:2      | Killed Terence
  2052 | D:2      | Learned a level 3 spell: Stone Arrow
  2067 | D:3      | Gained mutation: You have a pair of small horns on your
                  | head. [demonic ancestry]
  2067 | D:3      | Reached XP level 5. HP: 34/40 MP: 9/9
  2473 | D:$      | Got out of the dungeon alive.

Illustrated notes

Levels and vault maps discovered:
D:1:      sevenhm_arrival_forest_fort_small_6, layout_basic
D:2:      minmay_diamond_boxcup, layout_loops_cross, basic_altar,
          hellmonk_ecumenical_altar_inner_sanctum, minmay_fountain_box,
          uniq_terence
D:3:      layout_loops_ring, nicolae_overflow_hidden_temple, serial_shops, shop

Skill      XL: |  1  2  3  4  5 |
---------------+----------------+-----
Transmutations | 1 |  1.0
Fighting       | 1 2 3 |  3.0
Earth Magic    | 3 |  3.4
Armour         | 1 |  1.7
Dodging        | |  1.7
Stealth        | |  1.7
Spellcasting   | |  2.8

Action                   |  1- 3 |  4- 6 || total
-------------------------+-------+-------++-------
Melee: Unarmed           |    15 |       ||    15
       Dagger            |    57 |    92 ||   149
       Punch             |     1 |       ||     1
       Headbutt          |       |     3 ||     3
 Cast: Sandblast         |    15 |       ||    15
 Stab: Sleeping          |     3 |     5 ||     8
       Distracted        |     1 |       ||     1
Armor: Robe              |    24 |    33 ||    57
Dodge: Dodged            |    59 |    48 ||   107
